AoeStats
← Erick El Rojo

Arabia

506027170Analyzed
2v2 RM · 21d ago on Sep 12, 2026· 47m 33s· 4 players
Game mode
Random Map
Map size
Medium (4 player)
Population
200
Speed
Normal
Resources
Standard
Victory
Conquest
Starting age
Dark Age
Ending age
Imperial Age
RankedLock teamsTeams togetherTeam positionsShared explorationLock speedFull tech treeHidden civsTurbo modeCheats
Victory
Defeat
🇨🇱 Shu · Chile
1094
+13
🇲🇽 Lithuanians · Mexico
993
+17
🇲🇽 Lithuanians · Mexico
1047
-16
🇺🇸 Bulgarians · United States
1000
-42
varsht.fellow
4:37 Loom
13:03 Feudal Age
17:27 Forging
17:02 Horse Collar
17:49 Scale Mail Armor
18:30 Padded Archer Armor
24:14 Double-Bit Axe
29:36 Scale Barding Armor
31:19 Arson
32:35 Town Watch
34:02 Wheelbarrow
34:12 Padded Archer Armor
34:27 Arson
35:17 Bloodlines
Erick El Rojo
6:51 Loom
7:22 Loom
9:26 Feudal Age
12:36 Wheelbarrow
15:05 Double-Bit Axe
15:15 Horse Collar
22:46 Castle Age
23:57 Padded Archer Armor
25:00 Leather Archer Armor
27:01 Bow Saw
30:20 Fletching
30:39 Thumb Ring
36:00 Bodkin Arrow
zesar434
7:11 Loom
9:53 Feudal Age
10:26 Double-Bit Axe
12:41 Horse Collar
15:42 Fletching
16:41 Padded Archer Armor
19:24 Forging
25:31 Castle Age
26:58 Bodkin Arrow
26:27 Crossbowman
27:12 Thumb Ring
27:33 Leather Archer Armor
28:42 Scale Barding Armor
29:32 Bow Saw
36:55 Imperial Age
35:47 Wheelbarrow
37:52 Hand Cart
40:04 Bracer
40:35 Ring Archer Armor
39:28 Arbalester
42:39 Heavy Plow
43:50 Two-Man Saw
42:57 Bolt Magazine
45:36 Chemistry
44:56 Ballistics
46:09 Spies/Treason
MOROCHO
8:07 Loom
10:46 Feudal Age
11:17 Double-Bit Axe
12:19 Horse Collar
20:33 Wheelbarrow
23:48 Castle Age
23:46 Fletching
24:02 Scale Barding Armor
24:09 Bloodlines
24:04 Padded Archer Armor
25:07 Bow Saw
25:00 Husbandry
26:04 Gold Mining
26:15 Bodkin Arrow
26:29 Thumb Ring
27:24 Thumb Ring
28:51 Hand Cart
31:13 Chain Barding Armor
35:39 Imperial Age
33:19 Stone Mining
39:36 Conscription
39:44 Bracer
40:05 Chain Barding Armor
41:16 Chemistry
40:53 Ballistics
42:41 Plate Barding Armor
45:55 Spies/Treason
47:28 Squires
46:49 Pikeman
Connection lost

Rejoining the realm…

Still unreachable

The connection could not be restored.

Session expired

The server has moved on; the page needs a fresh start.